AoeStats
← fat_dgk

Nomad

508364694Analyzed
4v4 RM · 10d ago on Sep 22, 2026· 65m 10s· 8 players
Game mode
Random Map
Map size
231×231
Population
200
Speed
Normal
Resources
Standard
Victory
Conquest
Starting age
Dark Age
Ending age
Imperial Age
RankedLock teamsTeams togetherTeam positionsShared explorationLock speedFull tech treeHidden civsTurbo modeCheats
Victory
Defeat
🇲🇽 Georgians · Mexico
1108
+17
🇨🇱 Koreans · Chile
1089
+18
🇲🇽 Malians · Mexico
1084
+18
🇦🇷 Wu · Argentina
1055
+19
🇨🇴 Lithuanians · Colombia
1181
-20
🇨🇱 Dravidians · Chile
1146
-19
🇺🇸 Vikings · United States
1099
-17
🇨🇴 Byzantines · Colombia
1073
-16
21Hill
5:59 Loom
17:07 Feudal Age
22:23 Castle Age
25:34 Town Watch
25:45 Fletching
25:55 Padded Archer Armor
26:06 Forging
25:59 Scale Mail Armor
27:22 Squires
26:57 Pikeman
28:36 Leather Archer Armor
29:35 Elite Skirmisher
32:33 Town Patrol
33:34 Ballistics
34:47 Murder Holes
35:00 Double-Bit Axe
34:59 Horse Collar
37:09 Scale Barding Armor
37:23 Bow Saw
41:18 Imperial Age
39:54 Heavy Plow
42:01 Chain Mail Armor
43:19 Conscription
44:13 Plate Mail Armor
43:39 Bodkin Arrow
44:05 Gold Mining
44:08 Stone Mining
46:53 Elite Berserk
49:06 Hoardings
48:57 Sappers
50:16 Chieftains
51:55 Chemistry
54:19 Ring Archer Armor
54:26 Bracer
56:19 Iron Casting
59:41 Blast Furnace
63:12 Two-Man Saw
juanfer0002
6:32 Loom
12:45 Feudal Age
16:45 Castle Age
15:31 Scale Barding Armor
15:51 Bloodlines
20:20 Forging
23:22 Chain Barding Armor
24:05 Double-Bit Axe
34:10 Horse Collar
35:21 Bow Saw
36:02 Husbandry
38:01 Wheelbarrow
38:15 Gold Mining
40:05 Town Watch
43:57 Imperial Age
42:36 Iron Casting
43:36 Heavy Plow
43:29 Fletching
45:22 Plate Barding Armor
45:06 Bodkin Arrow
44:38 Light Cavalry
45:43 Cavalier
48:48 Conscription
49:00 Stone Mining
49:43 Bracer
49:51 Elite Leitis
50:41 Padded Archer Armor
58:37 Hoardings
58:19 Leather Archer Armor
fat_dgk
8:34 Loom
11:23 Feudal Age
12:11 Double-Bit Axe
13:56 Fletching
22:09 Castle Age
22:59 Bodkin Arrow
23:17 Medium Warships
22:34 Demolition Ship
23:51 Horse Collar
25:14 Clinker Construction
29:36 Wheelbarrow
29:35 Scale Mail Armor
30:50 Chain Mail Armor
33:14 Forging
38:05 Imperial Age
35:42 Medical Corps
37:08 Ballistics
37:09 Padded Archer Armor
38:48 Bracer
39:23 Thumb Ring
38:41 Elite Elephant Archer
kacter99
6:41 Loom
14:54 Feudal Age
17:19 Double-Bit Axe
22:32 Castle Age
21:47 Scale Barding Armor
21:31 Horse Collar
23:17 Gold Mining
23:43 Bow Saw
24:06 Heavy Plow
26:33 Wheelbarrow
29:52 Husbandry
29:59 Scale Mail Armor
30:36 Forging
31:27 Hand Cart
37:49 Fletching
39:05 Bodkin Arrow
51:52 Fishing Lines
55:52 Padded Archer Armor
56:00 Elite Skirmisher
57:08 Gillnets
60:55 Leather Archer Armor
61:40 Ballistics
61:01 Treadmill Crane
61:17 Murder Holes
オンドリ
14:43 Feudal Age
18:56 Castle Age
20:35 Loom
21:53 Wheelbarrow
21:36 Forging
21:28 Scale Mail Armor
21:37 Scale Barding Armor
21:56 Double-Bit Axe
23:13 Iron Casting
23:07 Husbandry
38:01 Imperial Age
36:26 Hand Cart
37:06 Chain Barding Armor
38:12 Scale Mail Armor
39:23 Plate Barding Armor
38:23 Capped Ram
38:26 Man-at-Arms
38:54 Gambesons
39:16 Arson
39:39 Siege Ram
39:49 Long Swordsman
41:44 Bow Saw
41:07 Two-Handed Swordsman
42:46 Chain Mail Armor
43:34 Blast Furnace
42:39 Champion
43:57 Plate Mail Armor
45:49 Pikeman
50:06 Halberdier
50:46 Squires
61:55 Elite Monaspa
62:56 Conscription
65:35 Town Watch
Lord_Farquaad
15:01 Feudal Age
19:29 Castle Age
19:21 Loom
20:59 Double-Bit Axe
25:10 Forging
37:35 Imperial Age
36:35 Bow Saw
36:07 Horse Collar
40:28 Scale Mail Armor
45:19 Iron Casting
45:12 Heavy Plow
47:20 Elite Gbeto
51:40 Chain Mail Armor
52:54 Wheelbarrow
52:05 Town Watch
53:40 Farimba
54:01 Conscription
54:47 Gold Mining
54:47 Stone Mining
57:39 Scale Barding Armor
58:05 Plate Mail Armor
59:37 Chain Barding Armor
58:43 Cavalier
59:37 Bloodlines
60:28 Husbandry
64:22 Plate Barding Armor
Nichelson3360
15:12 Feudal Age
16:22 Loom
17:17 Wheelbarrow
17:17 Fishing Lines
23:29 Castle Age
21:36 Fletching
21:40 Stone Mining
21:38 Double-Bit Axe
23:45 Gold Mining
24:33 Hand Cart
30:26 Imperial Age
28:00 Gillnets
30:14 Bow Saw
32:41 Horse Collar
34:45 Forging
34:35 Scale Mail Armor
35:14 Heavy Plow
36:28 Iron Casting
35:53 Scale Mail Armor
36:28 Squires
36:14 Gambesons
36:20 Capped Ram
38:44 Two-Man Saw
39:48 Town Watch
40:07 Scale Mail Armor
39:58 Arson
39:34 Elite Fire Lancer
41:43 Town Patrol
41:51 Siege Engineers
46:02 Conscription
46:27 Caravan
53:49 Chain Mail Armor
53:30 Bodkin Arrow
BuhoBit
15:03 Feudal Age
16:55 Double-Bit Axe
17:03 Double-Bit Axe
19:51 Castle Age
18:46 Gold Mining
20:31 Loom
22:31 Wheelbarrow
22:20 Bow Saw
22:09 Fletching
22:19 Padded Archer Armor
22:50 Bodkin Arrow
28:01 Padded Archer Armor
30:05 Ballistics
40:33 Squires
40:18 Arson
45:22 Hand Cart
48:37 Town Watch
56:04 Pikeman
62:08 Imperial Age
64:13 Two-Man Saw
63:49 Gold Shaft Mining
64:13 Conscription
63:14 Elite Fire Archer
65:35 Chemistry
64:16 Treadmill Crane
Connection lost

Rejoining the realm…

Still unreachable

The connection could not be restored.

Session expired

The server has moved on; the page needs a fresh start.